Map: Blackpink LE

Players

Dgl - Winner!

  • Race: Zerg Zerg
  • League: Platinum
  • Spawn Location: 7:00

axu

  • Race: Protoss Protoss
  • League: Platinum
  • Spawn Location: 1:00

VOD

Have the link to the VOD?

Description

Time

  • Played on: March 28, 2018, 11:33 a.m.
  • Length: 6:17
Show
View Real Time Build Order
Export as new Build Order

Dgl Zerg - Winner!

Build Orders: Pool First 

Get SALT Encoding   

  12  0:01  Drone  
  13  0:08  Drone  
  13  0:14  Extractor  
  13  0:16  Drone  
  15  0:22  Overlord  
  15  0:38  Spawning Pool  
  15  0:42  Drone  
  15  0:45  Drone  
  16  0:51  Drone  
  17  0:58  Drone  
  18  1:05  Extractor  
  18  1:06  Drone  
  18  1:25  Queen  
  18  1:26  Zergling x2  
  18  1:28  Zergling x2  
  22  1:49  Hatchery  
  22  1:51  Overlord, Zergling x2  
  22  2:09  Queen  
  22  2:14  Zergling x2  
  25  2:19  Zergling x2  
  26  2:23  Zergling x2  
  27  2:38  Zergling x6  
  30  2:45  Overlord  
  29  3:01  Zergling x6  
  30  3:12  Zergling x4  
  31  3:19  Zergling x2  
  31  3:26  Metabolic Boost  
  31  3:29  Roach Warren  
  31  3:30  Zergling x6  
  31  3:33  Zergling x6  
  33  3:51  Zergling x4  
  33  3:57  Zergling x10  
  35  4:04  Zergling x2  
  35  4:05  Zergling x4  
  35  4:06  Zergling x2  
  38  4:14  Drone  
  39  4:21  Lair  
  39  4:26  Overlord  
  39  4:40  Queen  
  39  4:42  Zergling x2  
  39  4:43  Zergling x4  
  42  5:03  Zergling x2  
  42  5:04  Zergling x10  
  46  5:08  Zergling x2  
  44  5:27  Zergling x6  
  44  5:28  Zergling x6  
  50  5:41  Zergling x6  
  51  5:43  Overlord  
  49  5:52  Zergling x6  
Show
View Real Time Build Order
Export as new Build Order

axu Protoss 

Build Orders: 1 Gate Expand 

Get SALT Encoding   

  12  0:00  Probe  
  13  0:13  Probe  
  14  0:21  Pylon  
  14  0:25  Probe  
  15  0:39  Probe  
  15  0:40  Gateway  
  16  0:50  Assimilator  
  16  0:51  Probe (Chrono Boost)  
  17  1:03  Probe (Chrono Boost)  
  18  1:08  Probe (Chrono Boost)  
  19  1:18  Probe  
  20  1:40  Pylon  
  20  1:43  Nexus  
  20  1:49  Cybernetics Core  
  20  1:56  Probe  
  20  2:00  Assimilator  
  21  2:07  Gateway  
  21  2:09  Pylon  
  21  2:11  Probe (Chrono Boost)  
  22  2:23  Pylon  
  22  2:27  Adept (Chrono Boost)  
  24  2:53  Pylon  
  21  3:03  Probe  
  20  3:10  Adept (Chrono Boost)  
  24  3:13  Shield Battery  
  24  3:15  Probe  
  24  3:18  Adept (Chrono Boost)  
  23  3:21  Probe  
  24  3:27  Probe  
  24  3:33  Probe  
  26  3:37  Adept (Chrono Boost)  
  26  3:39  Probe  
  29  3:45  Probe  
  30  3:53  Probe  
  31  3:57  Adept (Chrono Boost), Probe  
  34  4:14  Adept (Chrono Boost)  
  36  4:19  Probe x2  
  39  4:31  Robotics Facility, Probe x2  
  39  4:37  Stalker  
  42  4:43  Probe  
  42  4:44  Probe  
  40  5:10  Adept x2  
  40  5:19  Pylon  
  34  5:33  Pylon  
  27  5:42  Adept x2 (Chrono Boost)  
  7  5:51  Probe x2  
  7  6:03  Probe  
Tags
 
Add a new tag
Caveats
  • Supply blocks, unpowered buildings, or Contaminate may cause inaccurate times.
  • Supply counts are checked every 10 seconds.